 Dungeon Crawl Stone Soup version 0.25.1-2-g60ff931df9 (webtiles) character file.

Game seed: 4065045379915448318

152 azzavlup the Skirmisher (level 5, -3/29 HPs)
             Began as a Vine Stalker Fighter on Nov 9, 2020.
             Asphyxiated
             ... on level 3 of the Dungeon.
             The game lasted 00:02:14 (2670 turns).

azzavlup the Skirmisher (Vine Stalker Fighter)      Turns: 2670, Time: 00:02:14

Health: -3/29      AC:  7    Str: 18    XL:     5   Next: 34%
Magic:  0/6        EV:  7    Int:  8    God:
Gold:   99         SH:  9    Dex: 15    Spells: 4/4 levels left

rFire    . . .     SeeInvis .   a - +0 long sword
rCold    . . .     Gourm    .   c - +0 kite shield
rNeg     . . .     Faith    .   b - +0 scale mail
rPois    .         Spirit   +   (no helmet)
rElec    .         Reflect  .   (no cloak)
rCorr    .         Harm     .   (no gloves)
MR       .....                  i - +0 pair of boots
Stlth    ..........             (no amulet)
HPRegen  0.49/turn              p - ring of flight
MPRegen  0.10/turn              (no ring)

@: lethally poisoned (-3 -> -40), slowed, very slow
A: fangs 2, regeneration 1, magic shield, antimagic bite, no potion heal 3, rot
immunity
a: Evoke Flight


You were on level 3 of the Dungeon.
You were not hungry.

You visited 1 branch of the dungeon, and saw 3 of its levels.

You collected 99 gold pieces.

Inventory:

Hand Weapons
 a - a +0 long sword (weapon)
Armour
 b - a +0 scale mail (worn)
 c - a +0 kite shield (worn)
 i - a +0 pair of boots (worn)
Jewellery
 j - an uncursed ring of poison resistance {unknown}
 p - a ring of flight (left hand)
 t - an uncursed ring of positive energy {unknown}
 v - an uncursed ring of protection from magic {unknown}
Scrolls
 g - 5 scrolls of identify {unknown}
 h - a scroll of teleportation {unknown}
 m - a scroll of magic mapping {unknown}
 u - a scroll of enchant armour {unknown}
 w - a scroll of fog {unknown}
Potions
 d - a potion of might
 e - a potion of flight {unknown}
 k - a potion of curing {unknown}
 l - a potion of brilliance {unknown}
 n - a potion of resistance {unknown}
 o - 2 potions of stabbing {unknown}
 r - a potion of mutation {unknown}
 s - a potion of lignification {unknown}
Comestibles
 f - 6 rations
 q - 5 chunks of flesh


   Skills:
 + Level 4.2 Fighting
 + Level 3.6 Long Blades
 - Level 2.4 Armour
 - Level 2.6 Shields


You had 4 spell levels left.
You didn't know any spells.
Your spell library was empty.

Dungeon Overview and Level Annotations

Branches:
Dungeon (3/15)

Altars:
Makhleb
Qazlal


Innate Abilities, Weirdness & Mutations

You have extremely sharp teeth.
Your natural rate of healing is unusually fast.
When hurt, damage is shared between your health and your magic reserves.
Your bite disrupts and absorbs the magic of your enemies.
Potions cannot restore your health.
You are immune to rotting.


Message History

You see here a curare-tipped dart.
A kobold is nearby!
You feel very sick.
The kobold throws a curare-tipped dart.
The curare-tipped dart hits you.
You are more poisoned.
You have difficulty breathing.
You feel as though you will be slow longer.
Some of the chunks of flesh in your inventory have rotted away.
Found a pair of runed boots.
You see here a curare-tipped dart.
You feel very sick.
The kobold throws a curare-tipped dart.
The curare-tipped dart hits you.
You are more poisoned.
You have difficulty breathing.
* * * LOW HITPOINT WARNING * * *
You feel as though you will be slow longer.
The kobold throws a curare-tipped dart.
The curare-tipped dart hits you.
You are more poisoned.
You have difficulty breathing.
You die...

##..............
##..............
.#######...#### #.#
##.## .# #.# # .# #.#
###.# .# ##'##### ...
.#######......###.##.#..
..............((@.......
.....................K[.
≈≈....≈≈≈.≈.≈≈≈≈.≈.≈≈≈.≈
≈≈≈≈≈≈≈≈≈≈≈≈≈≈≈≈≈≈≈≈≈≈≈≈
≈≈≈≈≈≈≈≈≈≈≈≈≈≈≈≈≈≈≈≈≈≈≈≈
≈≈≈≈≈≈≈≈≈≈≈≈≈≈≈≈≈≈≈#####
####################


You could see a kobold.

Vanquished Creatures
  An orc wizard (D:3)
  A gnoll (D:2)
  5 adders
  A worm (D:2)
  A dart slug (D:1)
  A leopard gecko (D:1)
  6 orcs (D:3)
  2 ball pythons (D:2)
  6 bats
  6 giant cockroaches
  2 goblins
  4 hobgoblins
  2 quokkas (D:2)
  6 frilled lizards
  12 kobolds
  6 rats
62 creatures vanquished.

Notes
Turn   | Place    | Note
-------+----------+-------------------------------------------
     0 | D:1      | azzavlup the Vine Stalker Fighter began the quest for the
                  | Orb.
     0 | D:1      | Reached XP level 1. HP: 11/11 MP: 2/2
   758 | D:1      | Reached skill level 3 in Fighting
   758 | D:1      | Reached XP level 2. HP: 16/16 MP: 3/3
  1150 | D:2      | Found a stormy altar of Qazlal.
  1297 | D:2      | Reached XP level 3. HP: 14/20 MP: 2/4
  1803 | D:2      | Gained mutation: Your natural rate of healing is unusually
                  | fast. [Vine Stalker growth]
  1803 | D:2      | Reached XP level 4. HP: 25/25 MP: 5/5
  1846 | D:2      | Found a burning altar of Makhleb.
  2530 | D:3      | Reached skill level 4 in Fighting
  2530 | D:3      | Reached XP level 5. HP: 23/29 MP: 6/6
  2670 | D:3      | Asphyxiated

Illustrated notes

Levels and vault maps discovered:
D:1:      dpeg_arrival_signposts, layout_basic
D:2:      minmay_chambers_of_twos, layout_loops_ring, grunt_qazlal_sundering,
          lemuel_coloured_pillars_altar
D:3:      minmay_goblin_kobold_castle, layout_loops_corners,
          chequers_temple_overflow_minitemple

Skill      XL: |  1  2  3  4 |
---------------+-------------+-----
Long Blades    | 2 3 |  3.6
Fighting       | 3 4 |  4.2
Armour         | |  2.4
Shields        | |  2.6

Action                   |  1- 3 |  4- 6 || total
-------------------------+-------+-------++-------
Melee: Long sword        |    97 |    84 ||   181
       Bite              |    24 |    25 ||    49
  Eat: Chunk             |     3 |     3 ||     6
Armor: Scale mail        |    51 |    37 ||    88
Dodge: Dodged            |    33 |    25 ||    58
Block: Kite shield       |    51 |    53 ||   104
       Rpst.: Long sword |    16 |    11 ||    27
